 Dungeon Crawl Stone Soup version 0.29-a0-321-gf1c400731a (webtiles) character file.

Game seed: 4978812930415290825

52 kae the Firebug (level 3, 0/20 HPs)
             Began as a Tengu Fire Elementalist on Apr 4, 2022.
             Succumbed to an adder's poison
             ... on level 2 of the Dungeon.
             The game lasted 00:01:01 (1313 turns).

kae the Firebug (Tengu Fire Elementalist)           Turns: 1313, Time: 00:01:03

Health: 0/20       AC:  2    Str:  8    XL:     3   Next: 85%
Magic:  1/7        EV: 12    Int: 17    God:
Gold:   45         SH:  0    Dex: 14    Spells: 0/6 levels left

rFire   . . .      SeeInvis .   (no weapon)
rCold   . . .      Faith    .   (no shield)
rNeg    . . .      Spirit   .   a - +0 robe
rPois   .          Reflect  .   (helmet restricted)
rElec   .          Harm     .   (no cloak)
rCorr   .          Rampage  .   (no gloves)
Will    .....                   (boots unavailable)
Stlth   ++........              (no amulet)
HPRegen 0.06/turn               (no ring)
MPRegen 0.10/turn               (no ring)

@: lethally poisoned (0 -> -4)
A: beak, talons 3
a: no special abilities


You were on level 2 of the Dungeon.
You visited 1 branch of the dungeon, and saw 2 of its levels.

You collected 45 gold pieces.

Inventory:

Armour
 a - a +0 robe (worn)
Scrolls
 d - a scroll of enchant weapon {unknown}
 f - a scroll of vulnerability
Potions
 b - a potion of magic
 c - a potion of brilliance {unknown}
 e - 2 potions of curing
 g - a potion of mutation {unknown}


   Skills:
 + Level 0.9 Fighting
 + Level 1.1 Armour
 + Level 2.5 Dodging
 - Level 2.0 Stealth
 + Level 2.2 Spellcasting
 + Level 2.0 Conjurations
 * Level 4.0 Fire Magic


You couldn't memorise any spells.
You knew the following spells:

 Your Spells              Type           Power      Damage    Failure   Level
a - Foxfire               Conj/Fire      48%        2x1d6     5%          1
b - Scorch                Fire           30%        2d6       5%          2
c - Conjure Flame         Conj/Fire      12%        6-21      16%         3

Your spell library contained the following spells:

 Spells                   Type           Power      Damage    Failure   Level
 Inner Flame              Hex/Fire       8%         N/A       26%         3
 Corpse Rot               Necr/Air       2%         N/A       28%         2
 Flame Wave               Conj/Fire      12%        2d6       47%         4
 Ozocubu's Armour         Ice            1%         N/A       50%         3
 Dispel Undead            Necr           1%         3d6       88%         4
 Metabolic Englaciation   Hex/Ice        0%         N/A       99%         5
 Death Channel            Necr           0%         N/A       100%        6
 Simulacrum               Ice/Necr       0%         N/A       100%        6


Dungeon Overview and Level Annotations

Branches:
Dungeon (2/15)

Altars:


Innate Abilities, Weirdness & Mutations

You have a beak for a mouth.
You have claws for feet.


Message History

Casting: Foxfire (safe; 5% risk of failure)
Confirm with . or Enter, or press ? or * to list all spells.
You conjure some foxfire!
The adder barely misses you.
The foxfire hits the adder.
The adder is heavily wounded.
The adder bites you.
Casting: Foxfire (safe; 5% risk of failure)
Confirm with . or Enter, or press ? or * to list all spells.
You conjure some foxfire!
The adder bites you but does no damage. The adder barely misses you.
The foxfire hits the adder.
The adder is severely wounded.
The adder bites you.
You are poisoned.
The adder poisons you!
Casting: Foxfire (safe; 5% risk of failure)
Confirm with . or Enter, or press ? or * to list all spells.
You conjure some foxfire!
You feel sick. The adder bites you.
You are more poisoned.
The adder poisons you!
You feel sick.
The foxfire hits the adder.
The adder is almost dead.
The adder barely misses you.
Casting: Foxfire (safe; 5% risk of failure)
Confirm with . or Enter, or press ? or * to list all spells.
You conjure some foxfire!
You feel sick. The adder misses you. The adder bites you.
* * * LOW HITPOINT WARNING * * *
* * * LOW HITPOINT WARNING * * *
You feel sick.
The foxfire hits the adder.
You kill the adder!
Your Fire Magic skill increases to level 4!
Casting: Foxfire (safe; 5% risk of failure)
Confirm with . or Enter, or press ? or * to list all spells.
You conjure some foxfire!
* * * LOW HITPOINT WARNING * * *
You feel sick. The endoplasm hits you.
* * * LOW HITPOINT WARNING * * *
An endoplasm comes into view.
You die...

#.........####..P♣♣..*
#................♣P..#
#........#####.#.♣P..#
♣.P♣##..####.#.#..PP.#
**,,**#.......#,*,..,,*
*,,,,*#.#####.#,*,,,,,*
*,,,,*♣♣......#,*,,,,,*
*,,,,,*♣♣###..#,*,,****
*,,,,,,**#@v..#,*,,*
***,***,,,*#J####,*,,* **,,,*
**,,*#)#,,,,*,,* *
*,,,******♣...Jv#,,,,,* *****
*,*** *,.J......#,**,*****,,,,
*,****#.........#,,,,***,,,**,
*,,,,,..g......#.,,***,,,*,,*,
******#........#.#**,,,****,**
#....#####,.,,,***,,*,,*


You could see 2 endoplasms.

Vanquished Creatures
  2 adders (D:2)
  A worm (D:2)
  A dart slug (D:1)
  6 endoplasms
  2 goblins
  A hobgoblin (D:1)
  3 jackals (D:1)
  A quokka (D:1)
  3 ball pythons (D:1)
  4 bats (D:1)
  A frilled lizard (D:1)
  3 rats
28 creatures vanquished.

Vanquished Creatures (collateral kills)
  A foxfire (D:2)
1 creature vanquished.

Vanquished Creatures (others)
  100 foxfires
  3 plants (D:2)
103 creatures vanquished.

Grand Total: 132 creatures vanquished

Notes
Turn   | Place    | Note
-------+----------+-------------------------------------------
     0 | D:1      | kae the Tengu Fire Elementalist began the quest for the
                  | Orb.
     0 | D:1      | Reached XP level 1. HP: 10/10 MP: 4/4
   311 | D:1      | Reached XP level 2. HP: 16/16 MP: 0/6
   843 | D:1      | Reached skill level 1 in Armour
   843 | D:1      | Reached XP level 3. HP: 18/20 MP: 3/7
   846 | D:1      | Learned a level 2 spell: Scorch
   850 | D:1      | Learned a level 3 spell: Conjure Flame
  1163 | D:2      | Found a faded altar of an unknown god.
  1312 | D:2      | Reached skill level 4 in Fire Magic
  1312 | D:2      | HP: 1/20 [endoplasm (1)]
  1313 | D:2      | Succumbed to an adder's poison

Illustrated notes

Levels and vault maps discovered:
D:1:      dpeg_arrival_connections, layout_rooms
D:2:      minmay_skewed_foursquare, layout_basic, serial_forest,
          infiniplex_forest_straight_3, infiniplex_forest_end_2,
          infiniplex_forest_join, infiniplex_forest_clump_curved,
          infiniplex_forest_clump_diagonal,
          dreamdust_ecumenical_altar_angels_and_demons, uniq_terence

Skill      XL: |  1  2  3 |
---------------+----------+-----
Armour         | 1 |  1.1
Conjurations   | 2 |  2.0
Fire Magic     | 4 |  4.0
Fighting       | |  0.9
Dodging        | |  2.5
Stealth        | |  2.0
Spellcasting   | |  2.2

Action                   || total
-------------------------++-------
Melee: Unarmed           ||     4
       Kick              ||     2
       Peck              ||     1
 Cast: Foxfire           ||    60
  Use: Scroll            ||     4
Armor: Robe              ||     8
Dodge: Dodged            ||    16

Table legend: (Time is in decaauts)
 A = Elapsed time spent in this place.
 B = Non-inter-level travel time spent in this place.
 C = Inter-level travel time spent in this place.
 D = Time resting spent in this place.
 E = Time spent auto-exploring this place.
 F = Levels seen in this place.
 G = Mean time per level.
                   A        B        C        D        E       F      G
               +--------+--------+--------+--------+--------+-----+--------+
         Total |   1312 |   1293 |     19 |      0 |   1083 |   2 |  656.0 |
       Dungeon |   1312 |   1293 |     19 |      0 |   1083 |   2 |  656.0 |
               +--------+--------+--------+--------+--------+-----+--------+

Top non-repeatable levels by time:
     D:1: 1018 daAuts
     D:2: 294 daAuts
